ITL
TRENTON STARS @ INDIANA HOUNDS
04/23/2030
 
TOP OF THE 1ST
Trenton Stars batting - Pitching for Indiana Hounds : LHP Daniel Gregory
Pitching: LHP Daniel Gregory
Batting: RHB Aurelio Cruz 0-0: Ball
1-0: Ball
2-0: Called Strike
2-1: Swinging Strike
2-2: Ball
3-2: Ground out U3 (Groundball, 3S)
Batting: RHB Derek Ramsey 0-0: Foul Ball, location: 2F
0-1: Ball
1-1: Ball
2-1: Ball
3-1: Base on Balls
Batting: RHB Yaichiro Sugahara 0-0: SINGLE (Groundball, 6S) (infield hit)
Derek Ramsey to second
Batting: RHB Michael Skinner 0-0: Called Strike
0-1: Ball
1-1: Ball
2-1: Fly out, F6 (Line Drive, 6M)
Batting: RHB Norris Howard 0-0: Foul Ball, location: 2F
0-1: Ball
1-1: Fly out, F2 (Popup, 2LF)
Top of the 1st over - 0 runs, 1 hit, 0 errors, 2 left on base; Trenton 0 - Indiana 0
BOTTOM OF THE 1ST
Indiana Hounds batting - Pitching for Trenton Stars : RHP Rusty van Rhee
Pitching: RHP Rusty van Rhee
Batting: RHB Henry Haines 0-0: Ball
1-0: Ball
2-0: Called Strike
2-1: Ball
3-1: Foul Ball, location: 2F
3-2: Base on Balls
Batting: RHB Remi Eruzione 0-0: Called Strike
0-1: Ball
1-1: Ball
2-1: Foul Ball, location: 2F
2-2: Strikes out swinging
Batting: RHB Marlon Hernández 0-0: Ball
1-0: Ball
2-0: Called Strike
2-1: Fielders Choice at 2nd, 6-4 (Groundball, 6)
Batting: RHB Roberto Cardona 0-0: Ball
Marlon Hernández steals 2nd base
1-0: Swinging Strike
1-1: Called Strike
1-2: Ball
2-2: Strikes out swinging
Bottom of the 1st over - 0 runs, 0 hits, 0 errors, 1 left on base; Trenton 0 - Indiana 0
TOP OF THE 2ND
Trenton Stars batting - Pitching for Indiana Hounds : LHP Daniel Gregory
Batting: RHB Aaron Washington 0-0: Called Strike
0-1: Ball
1-1: Foul Ball, location: 2F
1-2: Ball
2-2: Ground out 3-1 (Groundball, 34S)
Batting: RHB Octávio Marín 0-0: Swinging Strike
0-1: Ball
1-1: Ball
2-1: Called Strike
2-2: Fly out, F9 (Flyball, 9D)
Batting: SHB António Enríquez 0-0: Ball
1-0: Called Strike
1-1: Swinging Strike
1-2: Ball
2-2: Strikes out looking
Top of the 2nd over - 0 runs, 0 hits, 0 errors, 0 left on base; Trenton 0 - Indiana 0
BOTTOM OF THE 2ND
Indiana Hounds batting - Pitching for Trenton Stars : RHP Rusty van Rhee
Batting: SHB Charles Alexander 0-0: Ball
1-0: Ball
2-0: Foul Ball, location: 2F
2-1: Ball
3-1: Foul Ball, location: 2F
3-2: Foul Ball, location: 2F
3-2: Strikes out swinging
Batting: RHB Vicente Valentín 0-0: Called Strike
0-1: Swinging Strike
0-2: Strikes out looking
Batting: RHB Danny Walker 0-0: Foul Ball, location: 2F
0-1: Ball
1-1: Fly out, F4 (Popup, 34)
Bottom of the 2nd over - 0 runs, 0 hits, 0 errors, 0 left on base; Trenton 0 - Indiana 0
TOP OF THE 3RD
Trenton Stars batting - Pitching for Indiana Hounds : LHP Daniel Gregory
Batting: RHB Dan McKay 0-0: Called Strike
0-1: DOUBLE (Flyball, 8RXD)
Batting: RHB Aurelio Cruz 0-0: Called Strike
0-1: SINGLE (Flyball, 8RS)
Dan McKay to third
Runner from 3rd tries for Home, SAFE, no throw
Batting: RHB Derek Ramsey 0-0: Ball
1-0: Ball
2-0: Called Strike
2-1: Foul Ball, location: 2F
2-2: Foul Ball, location: 2F
2-2: Ball
3-2: Base on Balls
Aurelio Cruz to second
Batting: RHB Yaichiro Sugahara 0-0: Ball
1-0: Grounds into double play, 4-6-3 (Groundball, 4M)
Aurelio Cruz to third
Batting: RHB Michael Skinner 0-0: Ball
1-0: SINGLE (Groundball, 56D)
Aurelio Cruz scores
Batting: RHB Norris Howard 0-0: Ball
1-0: Ball
2-0: Foul Ball, location: 2F
2-1: Ball
3-1: Foul Ball, location: 2F
3-2: Fly out, F8 (Flyball, 8LM)
Top of the 3rd over - 2 runs, 3 hits, 0 errors, 1 left on base; Trenton 2 - Indiana 0
BOTTOM OF THE 3RD
Indiana Hounds batting - Pitching for Trenton Stars : RHP Rusty van Rhee
Batting: RHB Octávio Zúñiga 0-0: Foul Ball, location: 2F
0-1: Fly out, F6 (Line Drive, 6M)
Batting: SHB Tim Reid 0-0: Foul Ball, location: 2F
0-1: Called Strike
0-2: Ball
1-2: Ball
2-2: SINGLE (Flyball, 89S)
Batting: RHB Henry Haines 0-0: Ball
1-0: Swinging Strike
1-1: Foul Ball, location: 2F
1-2: Ball
2-2: Ball
3-2: Base on Balls
Tim Reid to second
Batting: RHB Remi Eruzione 0-0: Fly out, F8 (Flyball, 8LXD)
Runner from 2nd tags up, SAFE at 3rd, no throw
Batting: RHB Marlon Hernández 0-0: Foul Ball, location: 2F
0-1: Ball
1-1: Ball
2-1: Swinging Strike
2-2: Strikes out looking
Bottom of the 3rd over - 0 runs, 1 hit, 0 errors, 2 left on base; Trenton 2 - Indiana 0
TOP OF THE 4TH
Trenton Stars batting - Pitching for Indiana Hounds : LHP Daniel Gregory
Batting: RHB Aaron Washington 0-0: Called Strike
0-1: Ball
1-1: Called Strike
1-2: Ball
2-2: Ball
3-2: SINGLE (Groundball, 6D)
Batting: RHB Octávio Marín 0-0: Ball
1-0: Called Strike
1-1: Called Strike
1-2: Foul Ball, location: 2F
1-2: Ground out U3 (Groundball, 23)
Aaron Washington to second
Batting: SHB António Enríquez 0-0: Foul Ball, location: 2F
0-1: Ball
1-1: Ball
2-1: Ground out 4-3 (Groundball, 4)
Aaron Washington to third
Batting: RHB Dan McKay 0-0: Foul Ball, location: 2F
0-1: Ball
1-1: Foul Ball, location: 2F
1-2: Foul Ball, location: 2F
1-2: Fly out, F8 (Flyball, 89D)
Top of the 4th over - 0 runs, 1 hit, 0 errors, 1 left on base; Trenton 2 - Indiana 0
BOTTOM OF THE 4TH
Indiana Hounds batting - Pitching for Trenton Stars : RHP Rusty van Rhee
Batting: RHB Roberto Cardona 0-0: Called Strike
0-1: Ball
1-1: Swinging Strike
1-2: Ball
2-2: Foul Ball, location: 2F
2-2: Foul Ball, location: 2F
2-2: SINGLE (Flyball, 9LM)
Batting: SHB Charles Alexander 0-0: Fly out, F7 (Flyball, 78XD)
Batting: RHB Vicente Valentín 0-0: Ball
1-0: Ball
2-0: Swinging Strike
2-1: Called Strike
2-2: Foul Ball, location: 2F
2-2: Strikes out swinging
Batting: RHB Danny Walker 0-0: Called Strike
0-1: Called Strike
Roberto Cardona steals 2nd base
0-2: Foul Ball, location: 2F
0-2: Ground out 5-3 (Groundball, 56S)
Bottom of the 4th over - 0 runs, 1 hit, 0 errors, 1 left on base; Trenton 2 - Indiana 0
TOP OF THE 5TH
Trenton Stars batting - Pitching for Indiana Hounds : LHP Daniel Gregory
Batting: RHB Aurelio Cruz 0-0: Ball
1-0: Ball
2-0: Called Strike
2-1: Ground out 4-3 (Groundball, 4)
Batting: RHB Derek Ramsey 0-0: Foul Ball, location: 2F
0-1: Ground out 5-3 (Groundball, 56)
Batting: RHB Yaichiro Sugahara 0-0: Called Strike
0-1: Ball
1-1: Foul Ball, location: 2F
1-2: Ball
2-2: Foul Ball, location: 2F
2-2: Ball
3-2: Ground out 5-3 (Groundball, 56)
Top of the 5th over - 0 runs, 0 hits, 0 errors, 0 left on base; Trenton 2 - Indiana 0
BOTTOM OF THE 5TH
Indiana Hounds batting - Pitching for Trenton Stars : RHP Rusty van Rhee
Batting: RHB Octávio Zúñiga 0-0: Ball
1-0: Foul Ball, location: 2F
1-1: Swinging Strike
1-2: Foul Ball, location: 2F
1-2: Foul Ball, location: 2F
1-2: Ball
2-2: Ball
3-2: Strikes out swinging
Batting: SHB Tim Reid 0-0: Called Strike
0-1: Ball
1-1: SINGLE (Line Drive, 34D)
Batting: RHB Henry Haines 0-0: Ball
1-0: Ball
2-0: Ball
3-0: Base on Balls
Tim Reid to second
Batting: RHB Remi Eruzione 0-0: Ball
1-0: Ball
2-0: Fielders Choice at 2nd, 4-6 (Groundball, 4)
Tim Reid to third
Batting: RHB Marlon Hernández 0-0: Called Strike
0-1: Ball
1-1: Ball
2-1: 3-RUN HOME RUN (Flyball, 7D), Distance : 373 ft
Batting: RHB Roberto Cardona 0-0: Called Strike
0-1: Hit by Pitch
Batting: SHB Charles Alexander 0-0: Called Strike
0-1: Foul Ball, location: 2F
0-2: Ball
Roberto Cardona steals 2nd base
1-2: Ground out 6-3 (Groundball, 6M)
Bottom of the 5th over - 3 runs, 2 hits, 0 errors, 1 left on base; Trenton 2 - Indiana 3
TOP OF THE 6TH
Trenton Stars batting - Pitching for Indiana Hounds : LHP Daniel Gregory
Pitching: RHP Ignacio Medina
Batting: RHB Michael Skinner 0-0: Ball
1-0: Ball
2-0: Called Strike
2-1: Ball
3-1: Base on Balls
Batting: RHB Norris Howard 0-0: Swinging Strike
0-1: Foul Ball, location: 2F
0-2: Ball
1-2: Ground out 5-3 (Groundball, 56S)
Michael Skinner to second
Batting: RHB Aaron Washington 0-0: Ball
1-0: Ball
2-0: Foul Ball, location: 2F
2-1: Ball
3-1: 2-RUN HOME RUN (Flyball, 7LD), Distance : 309 ft
Batting: RHB Octávio Marín 0-0: Ball
1-0: SINGLE (Groundball, 6MD)
Pitching: RHP Mike Meeks
Batting: SHB António Enríquez 0-0: Fly out, F7 (Flyball, 78M)
Batting: RHB Dan McKay 0-0: Ball
1-0: Called Strike
1-1: Single, Error in OF, E9, batter to second base
Octávio Marín to third
Batting: RHB Aurelio Cruz 0-0: Ball
1-0: Called Strike
1-1: Foul Ball, location: 2F
1-2: Foul Ball, location: 2F
1-2: Foul Ball, location: 2F
1-2: Ball
2-2: Ball
3-2: Foul Ball, location: 2F
3-2: Ground out 4-3 (Groundball, 4MD)
Top of the 6th over - 2 runs, 3 hits, 1 error, 2 left on base; Trenton 4 - Indiana 3
BOTTOM OF THE 6TH
Indiana Hounds batting - Pitching for Trenton Stars : RHP Rusty van Rhee
Batting: RHB Vicente Valentín 0-0: Ball
1-0: Ball
2-0: Foul Ball, location: 2F
2-1: Swinging Strike
2-2: Foul Ball, location: 2F
2-2: Strikes out swinging
Batting: RHB Danny Walker 0-0: Called Strike
0-1: Ball
1-1: Ball
2-1: Ball
3-1: Base on Balls
Pitching: RHP Tomás Pagán
Batting: RHB Octávio Zúñiga 0-0: Ball
1-0: Foul Ball, location: 2F
1-1: Ball
2-1: Ball
3-1: Foul Ball, location: 2F
3-2: SINGLE (Groundball, 4MD)
Danny Walker to second
Batting: SHB Tim Reid 0-0: Fly out, F9 (Flyball, 9S)
Batting: RHB Henry Haines 0-0: Ball
1-0: Ball
2-0: Ball
3-0: Called Strike
3-1: Called Strike
3-2: Fly out, F9 (Flyball, 9)
Bottom of the 6th over - 0 runs, 1 hit, 0 errors, 2 left on base; Trenton 4 - Indiana 3
TOP OF THE 7TH
Trenton Stars batting - Pitching for Indiana Hounds : RHP Mike Meeks
Batting: RHB Derek Ramsey 0-0: Ground out 4-3 (Groundball, 4)
Batting: RHB Yaichiro Sugahara 0-0: Called Strike
0-1: Foul Ball, location: 2F
0-2: Ball
1-2: Ball
2-2: Strikes out swinging
Batting: RHB Michael Skinner 0-0: Called Strike
0-1: Foul Ball, location: 2F
0-2: Ball
1-2: Ground out 4-3 (Groundball, 4MS)
Top of the 7th over - 0 runs, 0 hits, 0 errors, 0 left on base; Trenton 4 - Indiana 3
BOTTOM OF THE 7TH
Indiana Hounds batting - Pitching for Trenton Stars : RHP Tomás Pagán
Batting: RHB Remi Eruzione 0-0: Ball
1-0: Foul Ball, location: 2F
1-1: Ball
2-1: Ball
3-1: SOLO HOME RUN (Flyball, 7LD), Distance : 317 ft
Pinch Hitting: LHB Manny Hernández 0-0: Ball
1-0: Ground out U3 (Groundball, 3S)
Batting: RHB Roberto Cardona 0-0: Ball
1-0: Fly out, F6 (Line Drive, 56D)
Batting: SHB Charles Alexander 0-0: Called Strike
0-1: Swinging Strike
0-2: Ball
1-2: Ball
2-2: Ball
3-2: Foul Ball, location: 2F
3-2: DOUBLE (Line Drive, 9LM)
Batting: RHB Vicente Valentín 0-0: Called Strike
0-1: Fly out, F8 (Flyball, 8LS)
Bottom of the 7th over - 1 run, 2 hits, 0 errors, 1 left on base; Trenton 4 - Indiana 4
TOP OF THE 8TH
Trenton Stars batting - Pitching for Indiana Hounds : RHP Mike Meeks
Pitching: LHP Ricardo Vargas
Now at 1B: Manny Hernández
Batting: RHB Norris Howard 0-0: Ball
1-0: Fly out, F8 (Flyball, 8LD)
Batting: RHB Aaron Washington 0-0: SINGLE (Flyball, 7LS)
Batting: RHB Octávio Marín 0-0: Ball
1-0: Foul Ball, location: 2F
1-1: Foul Ball, location: 2F
1-2: Fielders Choice at 2nd, 1-4 (Groundball, 15S)
Batting: SHB António Enríquez 0-0: Ball
1-0: Foul Ball, location: 2F
1-1: Fielders Choice at 2nd, 5-4 (Groundball, 5)
Top of the 8th over - 0 runs, 1 hit, 0 errors, 1 left on base; Trenton 4 - Indiana 4
BOTTOM OF THE 8TH
Indiana Hounds batting - Pitching for Trenton Stars : RHP Tomás Pagán
Batting: RHB Danny Walker 0-0: Called Strike
0-1: Swinging Strike
0-2: Foul Ball, location: 2F
0-2: Fly out, F7 (Flyball, 7D)
Pinch Hitting: LHB Juan Vásquez 0-0: Ground out 1-3 (Groundball, 15)
Batting: SHB Tim Reid 0-0: Called Strike
0-1: Ball
1-1: Hit by Pitch
Pinch Runner at 1st Manuel Alonso:
Batting: RHB Henry Haines 0-0: Called Strike
0-1: Ball
1-1: Ball
2-1: Called Strike
2-2: Strikes out looking
Bottom of the 8th over - 0 runs, 0 hits, 0 errors, 1 left on base; Trenton 4 - Indiana 4
TOP OF THE 9TH
Trenton Stars batting - Pitching for Indiana Hounds : LHP Ricardo Vargas
Now at SS: Manuel Alonso
Now in RF: Juan Vásquez
Batting: RHB Dan McKay 0-0: Called Strike
0-1: Ball
1-1: Ball
2-1: Swinging Strike
2-2: Ball
3-2: Base on Balls
Batting: RHB Aurelio Cruz 0-0: Ball
1-0: Ball
2-0: Sac Bunt - play at first, batter safe!
Dan McKay to second
Batting: RHB Derek Ramsey 0-0: Sac Bunt - play at first, batter OUT! 1-4
Dan McKay to third
Aurelio Cruz to second
Batting: RHB Yaichiro Sugahara 0-0: Called Strike
0-1: Foul Ball, location: 2F
0-2: Ball
1-2: Fly out, F9 (Flyball, 89M)
Runner from 3rd tags up, SCORES, no throw
Batting: RHB Michael Skinner 0-0: Called Strike
0-1: Called Strike
0-2: Foul Ball, location: 2F
0-2: Ball
1-2: Foul Ball, location: 2F
1-2: Ball
2-2: Ball
3-2: Foul Ball, location: 2F
3-2: Strikes out swinging
Top of the 9th over - 1 run, 1 hit, 0 errors, 1 left on base; Trenton 5 - Indiana 4
BOTTOM OF THE 9TH
Indiana Hounds batting - Pitching for Trenton Stars : RHP Tomás Pagán
Pitching: LHP Enrico Lozano
Now at 2B: Juan Martínez
Now in RF: Emílio Bruno
Batting: RHB Remi Eruzione 0-0: Ball
1-0: Foul Ball, location: 2F
1-1: Called Strike
1-2: SINGLE (Line Drive, 78S)
Pitching: RHP Fernando Silva
Batting: LHB Manny Hernández 0-0: Ball
1-0: Ball
2-0: Foul Ball, location: 2F
2-1: Foul Ball, location: 2F
2-2: Ball
3-2: SINGLE (Line Drive, 7LM)
Remi Eruzione to second
Runner from 2nd tries for 3rd, SAFE, no throw
Batting: RHB Roberto Cardona 0-0: Called Strike
0-1: Called Strike
0-2: Ball
1-2: SINGLE (Groundball, 34D)
Remi Eruzione scores
Manny Hernández to second
Runner from 2nd tries for 3rd, SAFE, no throw
Pinch Hitting: RHB Felipe Rodríguez 0-0: Ball
1-0: Called Strike
1-1: Ball
2-1: Fly out, F7 (Line Drive, 78S)
Runner from 3rd tags up, OUT at HOME
Roberto Cardona to second
Batting: RHB Vicente Valentín 0-0: Ball
1-0: Ball
2-0: SINGLE (Groundball, 6MD)
Roberto Cardona to third
Runner from 3rd tries for Home, SAFE, no throw
Saturday, April 7th, 2018 - OOTP Baseball 18.8 Build 76